 Dungeon Crawl Stone Soup version 0.23.2-40-g277498a001 (webtiles) character file.

Game seed: 915566061771708410

27 ChadusMaximus the Grave Robber (level 2, -1/19 HPs)
             Began as a Demonspawn Necromancer on Sept 14, 2019.
             Slain by a ball python (2 damage)
             ... on level 1 of the Dungeon.
             The game lasted 00:04:22 (1296 turns).

ChadusMaximus the Grave Robber (DsNe)               Turns: 1296, Time: 00:04:22

Health: -1/19      AC:  6    Str:  8    XL:     2   Next: 93%
Magic:  0/5        EV:  8    Int: 16    God:
Gold:   5          SH:  0    Dex: 13    Spells: 4/5 levels left

rFire    + . .     SeeInvis .   b - +0 spear
rCold    . . .     Gourm    .   (no shield)
rNeg     . . .     Faith    .   e - +0 scale mail
rPois    .         Spirit   +   (no helmet)
rElec    .         Reflect  .   (no cloak)
rCorr    .         Harm     .   (no gloves)
MR       .....                  (no boots)
Stlth    +.........             (no amulet)
HPRegen  0.06/turn              k - ring of protection from fire
MPRegen  0.09/turn              (no ring)

@: very slightly contaminated
A: magic shield
a: no special abilities


You were on level 1 of the Dungeon.
You were hungry.

You visited 1 branch of the dungeon, and saw 1 of its levels.

You collected 5 gold pieces.

Inventory:

Hand Weapons
 b - a +0 spear (weapon)
Missiles
 h - 45 stones (quivered)
Armour
 a - a +0 robe
 e - a +0 scale mail (worn)
Jewellery
 k - a ring of protection from fire (left hand)
Scrolls
 f - a scroll of teleportation {unknown}
 g - 3 scrolls of remove curse {unknown}
 i - a scroll of random uselessness {unknown}
 j - a scroll of amnesia {unknown}
 l - a scroll of identify {unknown}
Potions
 d - 3 potions of ambrosia {unknown}
 n - a potion of curing {unknown}
Comestibles
 c - 2 rations


   Skills:
 + Level 0.1 Fighting
 + Level 0.2 Armour
 + Level 1.8 Dodging
 + Level 2.0 Stealth
 + Level 2.2 Spellcasting
 + Level 5.0 Necromancy


You had 4 spell levels left.
You knew the following spells:

 Your Spells              Type           Power        Failure   Level  Hunger
a - Pain                  Necr           ###.         26%         1    #......

Your spell library contained the following spells:

 Spells                   Type           Power        Failure   Level  Hunger
 Animate Skeleton         Necr           N/A          26%         1    #......
 Vampiric Draining        Necr           ###.......   61%         3    ###....
 Regeneration             Chrm/Necr      #.........   91%         3    ###....
 Animate Dead             Necr           N/A          95%         4    #####..


Dungeon Overview and Level Annotations

Branches:
Dungeon (1/15)

Altars:


Innate Abilities, Weirdness & Mutations

When hurt, damage is shared between your health and your magic reserves.


Message History

Casting: Pain (safe; 26% risk of failure)
Confirm with . or Enter, or press ? or * to list all spells.
You don't have enough magic to cast that spell.
The bat barely misses you. x2
The bat hits you but does no damage. The bat closely misses you. x2
The bat hits you but does no damage. The bat hits you.
* * * LOW HITPOINT WARNING * * *
The bat barely misses you. The bat misses you.
Casting: Pain (safe; 26% risk of failure)
Confirm with . or Enter, or press ? or * to list all spells.
Aiming: Pain (safe; 26% risk of failure)
Press: ? - help, Shift-Dir - straight line, f/p - goblin
Aim: a goblin, wielding a +0 dagger (chance to defeat MR: 87%)
The goblin barely resists.
The bat hits you but does no damage. The bat hits you but does no damage.
The bat closely misses you. The ball python bites you.
You die...

'......(.........#
#########.########
##### #.########
....# #.#......#
....# #.#......#
....# #.#......#
....#####'#......#
###.#......).....#
###.#.........b.@#
....#.......K.g.S#
###..............#
...#.###....######
...#.# #....#
...#S# ##+###
...#.# ...#K#
...#.##


You could see a goblin, a bat, a ball python and a kobold.

Vanquished Creatures
  A leopard gecko (D:1)
  2 bats (D:1)
  2 goblins (D:1)
  2 hobgoblins (D:1)
  8 jackals (D:1)
  3 kobolds (D:1)
  3 rats (D:1)
21 creatures vanquished.

Notes
Turn   | Place    | Note
-------+----------+-------------------------------------------
     0 | D:1      | ChadusMaximus the Demonspawn Necromancer began the quest
                  | for the Orb.
     0 | D:1      | Reached XP level 1. HP: 13/13 MP: 3/3
   480 | D:1      | Gained mutation: When hurt, damage is shared between your
                  | health and your magic reserves. [demonic ancestry]
   480 | D:1      | Reached XP level 2. HP: 17/19 MP: 1/5
  1030 | D:1      | Reached skill level 5 in Necromancy
  1296 | D:1      | Slain by a ball python

Skill      XL: |  1  2 |
---------------+-------+-----
Stealth        | 2 |  2.0
Necromancy     | 5 |  5.0
Fighting       | |  0.1
Armour         | |  0.2
Dodging        | |  1.8
Spellcasting   | |  2.2

Action                   || total
-------------------------++-------
Melee: Spear             ||    65
Throw: Stone             ||    25
 Cast: Pain              ||    22
  Eat: Chunk             ||     1
Armor: Scale mail        ||    92
Dodge: Dodged            ||    78
